 Dungeon Crawl Stone Soup version 0.29-a0-923-g6e406bff71 (webtiles) character file.

Game seed: 1202471451631284113

1699 xian the Covert (level 9, -6/58 HPs)
             Began as an Octopode Brigand on July 27, 2022.
             Was a Follower of Dithmenos.
             Mangled by an acid dragon (13 damage)
             ... on level 6 of the Dungeon.
             The game lasted 00:13:50 (5804 turns).

xian the Covert (Octopode Brigand)                  Turns: 5804, Time: 00:13:51

Health: -6/58      AC: -3    Str: 13    XL:     9   Next: 3%
Magic:  18/18      EV: 14    Int: 19    God:    Dithmenos [*.....]
Gold:   296        SH:  0    Dex: 18    Spells: 8/8 levels left

rFire   . . .      SeeInvis .   n - +9 dagger of Ses Rith {speed, rN+ Will++ Str+3}
rCold   + . .      Faith    .   (no shield)
rNeg    + . .      Spirit   .   (helmet restricted)
rPois   .          Reflect  .   (no amulet)
rElec   .          Harm     .   h - ring of flight
rCorr   .          Rampage  .   g - ring of magical power
Will    ++...                   j - +6 ring of intelligence
Stlth   +++++++...              r - ring of protection from cold
HPRegen 0.19/turn               (no ring)
MPRegen 0.16/turn               (no ring)
                                (no ring)
                                (no ring)

@: about to teleport, corroded, flying, wreathed by umbra
A: almost no armour, amphibious, 8 rings, camouflage 1, gelatinous body 1,
(nimble swimmer 1), tentacles
a: Renounce Religion


You were on level 6 of the Dungeon.
You worshipped Dithmenos.
Dithmenos was aware of your devotion.
You visited 2 branches of the dungeon, and saw 7 of its levels.

You collected 296 gold pieces.

Inventory:

Hand Weapons
 n - the +9 dagger of Ses Rith (weapon) {speed, rN+ Will++ Str+3}
   (You found it on level 3 of the Dungeon)

   Attacks with this weapon are significantly faster.
   Str:       It affects your strength (+3).
   rN:        It protects you from negative energy.
   Will:      It greatly increases your willpower.
Missiles
 b - 7 poisoned darts (quivered)
 c - 9 curare-tipped darts
 w - 2 javelins
 y - a throwing net
Jewellery
 g - a ring of magical power (right tentacle)
 h - a ring of flight (left tentacle)
 j - a +6 ring of intelligence (on tentacle)
 r - a ring of protection from cold (on tentacle)
 v - a ring of see invisible
Wands
 a - a wand of polymorph (6)
 x - a wand of flame (11)
Scrolls
 d - 5 scrolls of teleportation
 f - a scroll of immolation
 m - a scroll of poison
 o - a scroll of amnesia
 s - a scroll of enchant weapon
 A - a scroll of vulnerability {unknown}
Potions
 e - 4 potions of heal wounds {unknown}
 i - 2 potions of curing {unknown}
 k - a potion of mutation {unknown}
 l - a potion of attraction {unknown}
 p - a potion of berserk rage {unknown}
 q - a potion of brilliance {unknown}
 t - a potion of lignification {unknown}
 u - 2 potions of flight {unknown}
 B - a potion of haste {unknown}


   Skills:
 + Level 3.8 Fighting
 + Level 6.4 Short Blades
 + Level 2.3 Throwing
 + Level 3.1 Dodging
 + Level 12.4 Stealth


You had 8 spell levels left.
You didn't know any spells.
Your spell library contained the following spells:

 Spells                   Type           Power      Damage    Failure   Level
 Call Canine Familiar     Summ           0%         N/A       52%         3
 Gell's Gravitas          Tloc           0%         N/A       52%         3
 Lesser Beckoning         Tloc           0%         N/A       52%         3
 Portal Projectile        Hex/Tloc       0%         N/A       52%         3
 Teleport Other           Tloc           0%         N/A       52%         3
 Leda's Liquefaction      Hex/Erth       0%         N/A       90%         4


Dungeon Overview and Level Annotations

Branches:
Dungeon (6/15)             Temple (1/1) D:4

Altars:
Ashenzari
Cheibriados
Dithmenos
Elyvilon
Fedhas
Gozag
Okawaru
Sif Muna
Trog
Uskayaw
Vehumet
Wu Jian
Xom
Yredelemnul
The Shining One


Innate Abilities, Weirdness & Mutations

You cannot wear most types of armour.
You are amphibious.
You can wear up to eight rings at the same time.
Your skin changes colour to match your surroundings (Stealth+).
Your rubbery body absorbs attacks. (AC +1, EV +1)
((You are camouflaged when in or above water. (Stealth+)))
You have tentacles for arms and can constrict up to eight enemies at once.


Message History

You constrict the iguana. You hit the iguana.
You kill the iguana!
Dithmenos accepts your kill.
You see here an iguana corpse.
You see here a +0 flail.
You see here an iguana corpse.
Things that are here:
a +0 flail; a +0 leather armour You see here an iguana corpse.
You see here a +0 flail.
Menkaure, Prince of Dust comes into view.
The helpless Menkaure fails to defend himself.
You perforate Menkaure like a sieve!!!!
You destroy Menkaure!
Dithmenos accepts your kill.
You have reached level 9!
Your experience leads to an increase in your attributes!
Your base attributes are Str 10, Int 13, Dex 16.
Increase (S)trength, (I)ntelligence, or (D)exterity?
You feel agile. x2
A white imp comes into view.
The white imp moves out of view.
An acid dragon comes into view.
There is a large open door here.
The white imp shouts!
The acid dragon roars!
The acid dragon spits acid at you. The splash of acid hits you!!!
Ouch! That really hurt!
The acid corrodes you! The acid dragon bites you!
* * * LOW HITPOINT WARNING * * *
The acid dragon barely misses you.
As you read the scroll of teleportation, it crumbles to dust.
You feel strangely unstable. The white imp gestures at you.
The puff of frost hits you. You resist.
* * * LOW HITPOINT WARNING * * *
The acid dragon bites you!
You die...

#######.#
#.# #.##.
#.# ...
..###
#.### ...
#.#
#...##...
#.# #.#..#
#.#
###''##
#.#
##≈..≈##
##≈≈..≈≈##
#§≈.@5.≈≈#
#≈..D8..≈#
#§..8.§.≈#
#§§.§§§§§#
##§≈§§§§##
##§≈§≈##
######


You could see an acid dragon (catching breath) and a white imp.

Vanquished Creatures
  Maggie (D:6)
  Sigmund (D:6)
  Menkaure (D:6)
  3 ogres
  3 phantoms
  3 scorpions
  A howler monkey (D:5)
  A jelly (D:6)
  2 hounds
  An orc priest (D:3)
  A gnoll bouda (D:6)
  2 iguanas
  An orc wizard (D:3)
  9 gnolls
  7 adders
  A white imp (D:5)
  4 worms
  3 dart slugs
  8 orcs
  6 bats
  4 endoplasms
  6 giant cockroaches
  7 goblins
  9 hobgoblins
  9 jackals
  9 kobolds
  6 quokkas
  3 ball pythons
  4 frilled lizards
  3 rats
119 creatures vanquished.

Vanquished Creatures (others)
  A fungus (D:2)
1 creature vanquished.

Grand Total: 120 creatures vanquished

Notes
Turn   | Place    | Note
-------+----------+-------------------------------------------
     0 | D:1      | xian the Octopode Brigand began the quest for the Orb.
     0 | D:1      | Reached XP level 1. HP: 14/14 MP: 1/1
   239 | D:1      | Reached XP level 2. HP: 14/19 MP: 2/2
   402 | D:1      | Reached skill level 6 in Stealth
   558 | D:1      | Reached XP level 3. HP: 14/24 MP: 3/3
  1397 | D:2      | Reached XP level 4. HP: 29/29 MP: 4/4
  1813 | D:2      | Found a faded altar of an unknown god.
  1980 | D:3      | Noticed an ogre
  1987 | D:3      | Killed an ogre
  1988 | D:3      | Reached skill level 7 in Stealth
  1988 | D:3      | Reached XP level 5. HP: 34/34 MP: 5/5
  2016 | D:3      | Identified the +9 dagger of Ses Rith {speed, rN+ Will++
                  | Str+3}
  2087 | D:3      | Reached skill level 8 in Stealth
  2088 | D:3      | Reached XP level 6. HP: 16/39 MP: 6/6
  3058 | D:4      | Reached skill level 9 in Stealth
  3364 | D:4      | Found a staircase to the Ecumenical Temple.
  3384 | Temple   | Entered the Ecumenical Temple
  3459 | Temple   | Became a worshipper of Dithmenos the Shadowed
  3541 | D:4      | Reached XP level 7. HP: 45/45 MP: 7/7
  3901 | D:5      | Entered Level 5 of the Dungeon
  3910 | D:5      | Reached skill level 10 in Stealth
  4296 | D:5      | Reached skill level 5 in Short Blades
  4351 | D:5      | Reached XP level 8. HP: 21/51 MP: 8/8
  5033 | D:5      | Found a white marble altar of Elyvilon.
  5093 | D:6      | Noticed Maggie
  5104 | D:6      | Killed Maggie
  5105 | D:6      | Reached skill level 11 in Stealth
  5111 | D:6      | Reached * piety under Dithmenos
  5124 | D:6      | Noticed Sigmund
  5137 | D:6      | Killed Sigmund
  5138 | D:6      | Reached skill level 12 in Stealth
  5663 | D:6      | Found an iron altar of Okawaru.
  5786 | D:6      | Noticed Menkaure
  5791 | D:6      | Killed Menkaure
  5792 | D:6      | Reached XP level 9. HP: 58/58 MP: 9/9
  5804 | D:6      | Mangled by an acid dragon

Illustrated notes

Levels and vault maps discovered:
D:1:      grunt_arrival_lava_bath, layout_loops_ring
D:2:      layout_loops_ring, shapermc_ecumenical_altar_acropolis
D:3:      wad_crossroads, layout_basic
D:4:      minmay_evil_eye, layout_basic, minmay_temple_entry_junction,
          fountainhead
D:5:      layout_cave_pods, elyvilon_altar_4, fountainhead,
          minmay_splitting_lines
D:6:      layout_loops_ring, mainiacjoe_overflow_cross_hatched,
          okawaru_ov_weapons_minmay, minmay_misc_feat_enclosed,
          kennysheep_generic_room_3, uniq_menkaure, uniq_sigmund, uniq_maggie
Temple:   nicolae_temple_two_arcs

Skill      XL: |  1  2  3  4  5  6  7  8 |
---------------+-------------------------+-----
Stealth        | 6 7 8 9 10 12 | 12.4
Short Blades   | 3 4 5 6 |  6.4
Dodging        | 2 3 |  3.1
Fighting       | 3 |  3.8
Throwing       | |  2.3

Action                   |  1- 3 |  4- 6 |  7- 9 || total
-------------------------+-------+-------+-------++-------
Melee: Dagger            |    64 |    88 |    93 ||   245
       Constrict         |    17 |    11 |    21 ||    49
       Tentacles         |    10 |    13 |    25 ||    48
       Punch             |       |     1 |       ||     1
Throw: Dart              |       |     1 |     2 ||     3
       Throwing net      |       |       |     1 ||     1
  Use: Scroll            |     3 |     3 |     4 ||    10
 Stab: Sleeping          |     9 |    20 |     4 ||    33
       Held in net/web   |       |       |     1 ||     1
Armor: Skin              |     4 |     5 |       ||     9
Dodge: Dodged            |    45 |    21 |    44 ||   110

Table legend: (Time is in decaauts)
 A = Elapsed time spent in this place.
 B = Non-inter-level travel time spent in this place.
 C = Inter-level travel time spent in this place.
 D = Time resting spent in this place.
 E = Time spent auto-exploring this place.
 F = Levels seen in this place.
 G = Mean time per level.
                   A        B        C        D        E       F      G
               +--------+--------+--------+--------+--------+-----+--------+
         Total |   5711 |   5566 |    145 |    100 |   4302 |   7 |  815.9 |
       Dungeon |   5628 |   5483 |    145 |    100 |   4250 |   6 |  938.0 |
        Temple |     83 |     83 |      0 |      0 |     52 |   1 |   83.0 |
               +--------+--------+--------+--------+--------+-----+--------+

Top non-repeatable levels by time:
     D:5: 1171 daAuts
     D:1: 1145 daAuts
     D:4: 936 daAuts
     D:3: 905 daAuts
     D:2: 778 daAuts
     D:6: 690 daAuts
  Temple: 83 daAuts
